 Dungeon Crawl Stone Soup version 0.29-a0-330-g52719c12eb (webtiles) character file.

Game seed: 14028369369420517135

255 vineage the Skirmisher (level 6, 0/44 HPs)
             Began as a Gargoyle Fighter on May 6, 2022.
             Killed by divine providence
             ... invoked by an orc priest
              (17 damage)
             ... on level 3 of the Dungeon.
             The game lasted 00:02:19 (2372 turns).

vineage the Skirmisher (Gargoyle Fighter)           Turns: 2372, Time: 00:02:20

Health: 0/44       AC: 12    Str: 21    XL:     6   Next: 15%
Magic:  6/6        EV:  9    Int:  9    God:
Gold:   1190       SH:  4    Dex:  9    Spells: 5/5 levels left

rFire   + . .      SeeInvis .   a - +0 flail
rCold   + . .      Faith    .   c - +0 buckler
rNeg    + . .      Spirit   .   b - +0 scale mail
rPois   ∞          Reflect  .   (no helmet)
rElec   +          Harm     .   k - scarf {rC+ rF+}
rCorr   .          Rampage  .   (no gloves)
Will    .....                   p - +0 pair of boots
Stlth   ..........              (no amulet)
HPRegen 0.14/turn               (no ring)
MPRegen 0.10/turn               (no ring)

@: hasted, very quick
A: sickness immunity, AC +4, negative energy resistance 1, electricity
resistance, torment resistance 1, petrification resistance
a: no special abilities


You were on level 3 of the Dungeon.
You visited 1 branch of the dungeon, and saw 3 of its levels.

You collected 1190 gold pieces.

Inventory:

Hand Weapons
 a - a +0 flail (weapon)
Missiles
 f - a throwing net (quivered)
Armour
 b - a +0 scale mail (worn)
 c - a +0 buckler (worn)
 k - a scarf of resistance (worn)
 p - a +0 pair of boots (worn)
Scrolls
 d - a scroll of identify
 n - a scroll of silence
Potions
 e - 2 potions of mutation {unknown}
 g - a potion of curing {unknown}
 h - 2 potions of resistance {unknown}
 o - 2 potions of lignification {unknown}


   Skills:
 * Level 7.3 Fighting
 - Level 2.0 Maces & Flails
 - Level 3.3 Armour
 - Level 3.3 Shields


You had 5 spell levels left.
You didn't know any spells.
Your spell library contained the following spells:

 Spells                   Type           Power      Damage    Failure   Level
 Blink                    Tloc           0%         N/A       91%         2
 Lesser Beckoning         Tloc           0%         N/A       99%         3
 Tukima's Dance           Hex            0%         N/A       99%         3
 Anguish                  Hex/Necr       0%         N/A       100%        4
 Manifold Assault         Tloc           0%         N/A       100%        5
 Enfeeble                 Hex            0%         N/A       100%        7


Dungeon Overview and Level Annotations

Branches:
Dungeon (3/15)

Altars:


Innate Abilities, Weirdness & Mutations

You are immune to sickness and miasma.
Your stone body is resilient. (AC +4)
You are immune to poison.
You resist negative energy. (rN+)
You are resistant to electric shocks. (rElec)
You are resistant to unholy torment.
You are immune to petrification.


Message History

The jackal bites you but does no damage.
The jackal completely misses you.
You thump the goblin!
You kill the goblin!
The jackal bites you but does no damage.
The orc priest miscasts a cantrip.
The jackal closely misses you.
The jackal bites you but does no damage.
The jackal barely misses you. The jackal closely misses you.
You block the jackal's attack.
The jackal bites you but does no damage.
Things that are here:
a +0 club; a goblin corpse The jackal closely misses you.
The orc hits you but does no damage.
The orc priest mumbles some strange prayers to Beogh against you.
Beogh smites you!
The orc priest casts a cantrip, but nothing happens.
A hobgoblin comes into view.
The hobgoblin shouts!
A ball python comes into view.
You closely miss the hobgoblin. The jackal misses you.
The ball python bites you but does no damage.
The ball python barely misses you.
The hobgoblin hits you but does no damage.
You closely miss the ball python. You block the jackal's attack.
The jackal barely misses you. The ball python closely misses you.
The ball python grabs you. The ball python constricts you.
The orc priest mumbles some strange prayers to Beogh against you.
Beogh smites you!
The hobgoblin hits you but does no damage.
You escape the ball python's grasp.
The jackal bites you but does no damage.
Found 14 gold pieces.
The ball python bites you but does no damage.
The ball python grabs you. The ball python constricts you.
You escape the ball python's grasp.
The orc priest invokes the aid of Beogh against you.
Beogh smites you!
You die...

#..........#
#..........#
#..........#
#..........###
+$...........
#..........#
#....h.....#
##...@hh....#####
.........gS........
####......h...###
########o..# #....
#.o.# #....
#...######....
#...##........
#.o.##.o....#
####.o.##..o...##


You could see an orc priest, an orc, 4 jackals, a hobgoblin and a ball python.

Vanquished Creatures
  Sigmund (D:2)
  3 adders
  A worm (D:2)
  A dart slug (D:2)
  3 orcs (D:3)
  7 ball pythons
  8 endoplasms
  2 giant cockroaches
  5 goblins
  4 hobgoblins
  4 jackals (D:2)
  8 kobolds
  3 quokkas
  7 bats
  3 frilled lizards
  6 rats
66 creatures vanquished.

Vanquished Creatures (others)
  7 plants (D:2)
  3 withered plants (D:2)
10 creatures vanquished.

Grand Total: 76 creatures vanquished

Notes
Turn   | Place    | Note
-------+----------+-------------------------------------------
     0 | D:1      | vineage the Gargoyle Fighter began the quest for the Orb.
     0 | D:1      | Reached XP level 1. HP: 14/14 MP: 1/1
   203 | D:1      | Reached XP level 2. HP: 13/20 MP: 2/2
   397 | D:1      | Reached skill level 4 in Fighting
   762 | D:1      | Reached XP level 3. HP: 24/24 MP: 3/3
  1086 | D:2      | Reached skill level 5 in Fighting
  1234 | D:2      | Noticed Sigmund
  1246 | D:2      | Killed Sigmund
  1247 | D:2      | Reached skill level 6 in Fighting
  1247 | D:2      | Reached XP level 4. HP: 22/32 MP: 4/4
  1247 | D:2      | Reached XP level 5. HP: 25/37 MP: 5/5
  1621 | D:2      | Found a faded altar of an unknown god.
  1640 | D:2      | Reached skill level 7 in Fighting
  1666 | D:2      | Reached XP level 6. HP: 44/44 MP: 6/6
  2023 | D:2      | Identified a scroll of acquirement
  2023 | D:2      | Acquired 1084 gold pieces
  2372 | D:3      | Killed from afar by an orc priest

Illustrated notes

Levels and vault maps discovered:
D:1:      eino_arrival_water_star, layout_loops_ring
D:2:      layout_basic, shapermc_ecumenical_altar_flowoftime,
          serial_bayou_pond_b, uniq_sigmund
D:3:      layout_basic

Skill      XL: |  1  2  3  4  5 |
---------------+----------------+-----
Fighting       | 4 6 7 |  7.3
Maces & Flails | |  2.0
Armour         | |  3.3
Shields        | |  3.3

Action                   |  1- 3 |  4- 6 || total
-------------------------+-------+-------++-------
Melee: Flail             |   121 |   105 ||   226
  Use: Scroll            |     1 |     5 ||     6
       Potion            |     1 |     1 ||     2
Armor: Scale mail        |    74 |    97 ||   171
Dodge: Dodged            |    48 |    90 ||   138
Block: Buckler           |    23 |    28 ||    51

Table legend: (Time is in decaauts)
 A = Elapsed time spent in this place.
 B = Non-inter-level travel time spent in this place.
 C = Inter-level travel time spent in this place.
 D = Time resting spent in this place.
 E = Time spent auto-exploring this place.
 F = Levels seen in this place.
 G = Mean time per level.
                   A        B        C        D        E       F      G
               +--------+--------+--------+--------+--------+-----+--------+
         Total |   2442 |   2392 |     50 |      0 |   1871 |   3 |  814.0 |
       Dungeon |   2442 |   2392 |     50 |      0 |   1871 |   3 |  814.0 |
               +--------+--------+--------+--------+--------+-----+--------+

Top non-repeatable levels by time:
     D:2: 1252 daAuts
     D:1: 1025 daAuts
     D:3: 165 daAuts
